 Dungeon Crawl Stone Soup version 0.31-a0-1156-g12f98b2 (webtiles) character file.

Game seed: 9558077712209076625

34219 PidgeyThePirate the Stormcaller (level 13, -16/72 HPs)
             Began as a Tengu Air Elementalist on Dec 7, 2023.
             Was an Elder of Ashenzari.
             Demolished by a large abomination (27 damage)
             ... in a Gauntlet.
             The game lasted 01:09:25 (17255 turns).

PidgeyThePirate the Stormcaller (TeAE)             Turns: 17255, Time: 01:09:25

Health: -16/72     AC: 12    Str: 12    XL:     13   Next: 76%
Magic:  10/32      EV: 19    Int: 21    God:    Ashenzari [****..]
Gold:   996        SH:  4    Dex: 14    Spells: 25/40 levels left

rFire   . . .        j - staff "Ensconced With Me" (curse) {rElec Air, Dev, Bglg} (curse)
rCold   + + .        N - +0 buckler
rNeg    . . .        q - +1 leather armour "Fyuris" {rC++ Int+3 Slay-3}
rPois   +            n - +2 hat "Omen of Ashenzari" {Dev, Bglg} (curse)
rElec   +            x - +1 cloak "Celestial Yoke" {rPois, Dev, Bglg} (curse)
rCorr   .            P - +2 pair of gloves "Secrets of Ashenzari" {hurl, Self, Melee} (curse)
SInv    +            (boots unavailable)
Will    .....        h - amulet of the Cryptic Mutualism {RegenMP, Cun, Dev} (curse)
Stlth   +++          S - ring "Sidereal Atheism" {Wiz, Cun, Fort} (curse)
HPRegen 0.32/turn    (no ring)
MPRegen 0.63/turn

%: no teleportation, acrobat, clarity, wizardry (x1)
@: flying
A: beak, talons 3, evasive flight, acrobatic
a: Renounce Religion, Shatter the Chains


You were in a Gauntlet.
You worshipped Ashenzari.
Ashenzari was greatly pleased with you.
You visited 3 branches of the dungeon, and saw 17 of its levels.
You also visited: Gauntlet and Volcano.

You collected 996 gold pieces.

Inventory:

Armour
 a - a +0 robe
 i - a +0 cloak
 m - a +2 tower shield of cold resistance
 n - the cursed +2 hat "Omen of Ashenzari" (worn) {Dev, Bglg}
   (You found it on level 3 of the Dungeon)

   It has a curse which improves the following skills: Devices: Evocations and
   Shapeshifting.
   Beguiling: Conjurations, Hexes and Translocations.
 q - the +1 leather armour "Fyuris" (worn) {rC++ Int+3 Slay-3}
   (You found it on level 3 of the Dungeon)

   Int+3:     It affects your intelligence (+3).
   Slay-3:    It affects your accuracy & damage with ranged weapons and melee
   (-3).
   rC++:      It greatly protects you from cold.
 r - a +0 pair of gloves
 x - the cursed +1 cloak "Celestial Yoke" (worn) {rPois, Dev, Bglg}
   (You took it off Crazy Yiuf on level 7 of the Dungeon)

   It has a curse which improves the following skills: Devices: Evocations and
   Shapeshifting.
   Beguiling: Conjurations, Hexes and Translocations.
 A - +0 steam dragon scales
 M - the +0 robe of Oblivion {rF++ Str+2 Int+3 Dex+2}
   (You found it on level 3 of the Lair of Beasts)

   Str+2:     It affects your strength (+2).
   Int+3:     It affects your intelligence (+3).
   Dex+2:     It affects your dexterity (+2).
   rF++:      It greatly protects you from fire.
 N - a +0 buckler (worn)
 O - a +1 leather armour of fire resistance
 P - the cursed +2 pair of gloves "Secrets of Ashenzari" (worn) {hurl, Self, Melee}
   (You found it in a volcano)

   It has a curse which improves the following skills: Introspection: Fighting
   and Spellcasting.
   Melee Combat: Short Blades, Long Blades, Axes, Maces & Flails, Polearms,
   Staves and Unarmed Combat.
Magical Staves
 j - the cursed staff "Ensconced With Me" (weapon) {rElec Air, Dev, Bglg}
   (You found it on level 2 of the Dungeon)

   [staff of air]

   Base accuracy: +5 Base damage: 5 Base attack delay: 1.2 This weapon's minimum
   attack delay (0.6) is reached at skill level 12.
   rElec:     It insulates you from electricity.
   Air:       It increases the power of your Air spells.
   It falls into the 'Staves' category.
   It is a one-handed weapon.
   It has a curse which improves the following skills: Devices: Evocations and
   Shapeshifting.
   Beguiling: Conjurations, Hexes and Translocations.
Jewellery
 c - an amulet of regeneration
 h - the cursed amulet of the Cryptic Mutualism (around neck) {RegenMP, Cun, Dev}
   (You found it on level 4 of the Dungeon)

   [amulet of magic regeneration]

   RegenMP:   It increases your rate of magic regeneration.
   It has a curse which improves the following skills: Cunning: Dodging and
   Stealth.
   Devices:   Evocations and Shapeshifting.
 l - a ring of fire
 I - a ring of fire
 S - the cursed ring "Sidereal Atheism" (left hand) {Wiz, Cun, Fort}
   (You found it on level 4 of the Lair of Beasts)

   [ring of wizardry]

   Wiz:       It improves your spell success rate.
   It has a curse which improves the following skills: Cunning: Dodging and
   Stealth.
   Fortitude: Armour and Shields.
Wands
 v - a wand of flame (29)
 G - a wand of polymorph (7)
 H - a wand of quicksilver (7)
 K - a wand of roots (3)
 R - a wand of paralysis (1)
Scrolls
 e - 5 scrolls of revelation
 g - 11 scrolls of identify
 k - a scroll of fear
 o - 2 scrolls of enchant armour
 p - a scroll of amnesia
 t - 5 scrolls of poison
 u - 2 scrolls of vulnerability
 y - a scroll of silence
 B - 3 scrolls of brand weapon
 C - 2 scrolls of immolation
 E - a scroll of enchant weapon
 L - a scroll of fog
Potions
 b - 2 potions of magic
 f - 6 potions of lignification
 s - 3 potions of cancellation
 z - 3 potions of attraction
 D - a potion of brilliance
 F - a potion of enlightenment
 J - 2 potions of ambrosia


   Skills:
 + Level 3.2(4.8) Fighting
 * Level 6.8(8.7) Staves
 + Level 5.2(7.0) Armour
 + Level 6.8(9.6) Dodging
 + Level 4.3(6.9) Stealth
 + Level 0.4(1.1) Shields
 + Level 0.4(1.1) Unarmed Combat
 + Level 12.6(14.3) Spellcasting
 + Level 10.5(14.0) Conjurations
 - Level 16.3 Air Magic
 * Level 4.4(8.4) Evocations


You had 25 spell levels left.
You knew the following spells:

 Your Spells              Type           Power      Damage    Failure   Level
a - Shock                 Conj/Air       100%       1d9       0%          1
b - Static Discharge      Conj/Air       100%       3-8/arc   0%          2
c - Swiftness             Air            90%        N/A       1%          3
d - Airstrike             Air            45%        2d(7-23)  1%          4
e - Mephitic Cloud        Conj/Pois/Air  72%        N/A       1%          3
f - Blink                 Tloc           34%        N/A       3%          2

Your spell library contained the following spells:

 Spells                   Type           Power      Damage    Failure   Level
 Momentum Strike          Conj/Tloc      90%        3d10      1%          2
 Poisonous Vapours        Pois/Air       100%       N/A       1%          2
 Hailstorm                Conj/Ice       44%        3d9       1%          3
 Freezing Cloud           Conj/Ice/Air   36%        6-21      1%          5
 Silence                  Hex/Air        33%        N/A       2%          5
 Freeze                   Ice            60%        1d7       3%          1
 Jinxbite                 Hex            34%        N/A       3%          2
 Lesser Beckoning         Tloc           34%        N/A       3%          2
 Ensorcelled Hibernation  Hex/Ice        32%        N/A       4%          2
 Frozen Ramparts          Ice            30%        1d5       9%          3
 Passage of Golubria      Tloc           17%        N/A       24%         4
 Anguish                  Hex/Necr       8%         N/A       26%         4
 Summon Ice Beast         Ice/Summ       15%        N/A       28%         4
 Summon Forest            Summ/Tloc      8%         N/A       56%         5
 Summon Mana Viper        Hex/Summ       16%        N/A       56%         5
 Simulacrum               Ice/Necr       7%         N/A       98%         6
 Summon Cactus Giant      Summ           7%         N/A       98%         6
 Lehudib's Crystal Spear  Conj/Erth      22%        10d6      100%        8


Dungeon Overview and Level Annotations

Branches:
Dungeon (12/15)            Temple (1/1) D:6            Lair (4/5) D:9
  Swamp (0/4) Lair:2        Snake (0/4) Lair:2          Orc (0/2) D:11
Volcano (visited)         Gauntlet (1/1)
  Slime: Lair:4-5

Altars:
Ashenzari
Cheibriados
Dithmenos
Elyvilon
Fedhas
Gozag
Hepliaklqana
Kikubaaqudgha
Makhleb
Nemelex Xobeh
Okawaru
Qazlal
Ru
Sif Muna
Trog
Uskayaw
Vehumet
Wu Jian
Xom
Yredelemnul
Zin
The Shining One

Shops:
D:4 :   D:9 [

Portals:
Abyss: Lair:1

Annotations:
Lair:1 2 transporters, Boogie's ghost, novice MiFi
Lair:4 Kirke Gauntlet 7 transporters


Innate Abilities, Weirdness & Mutations

You have a beak for a mouth.
You have claws for feet.
Your magical flight helps you evade attacks. (EV +4)
You can magically evade attacks while moving or waiting.


Message History

The large abomination is struck by an arc of lightning.
The large abomination hits you but does no damage.
Casting: Static Discharge (safe; 0% risk of failure)
Confirm with . or Enter, or press ? or * to list all spells.
You feel a surge of power!
The large abomination is struck by an arc of lightning.
The large abomination is severely damaged.
The large abomination is struck by an arc of lightning.
The large abomination is heavily damaged.
The large abomination is struck by an arc of lightning.
The large abomination is struck by an arc of lightning!
The large abomination is heavily damaged.
The lightning grounds out.
The large abomination hits you!!
Casting: Static Discharge (safe; 0% risk of failure)
Confirm with . or Enter, or press ? or * to list all spells.
You feel a surge of power!
The large abomination is struck by an arc of lightning.
The large abomination is almost destroyed.
You are struck by an arc of lightning.
The large abomination is struck by an arc of lightning.
The large abomination closely misses you.
Casting: Static Discharge (safe; 0% risk of failure)
Confirm with . or Enter, or press ? or * to list all spells.
You feel a surge of power!
The large abomination is struck by an arc of lightning.
The large abomination is almost destroyed.
You are struck by an arc of lightning.
The large abomination is struck by an arc of lightning.
The large abomination is almost destroyed.
You are struck by an arc of lightning.
The large abomination hits you!!
* * * LOW HITPOINT WARNING * * *
Casting: Static Discharge (safe; 0% risk of failure)
Confirm with . or Enter, or press ? or * to list all spells.
You feel a surge of power!
The large abomination is struck by an arc of lightning. x2
The large abomination is heavily damaged.
The lightning grounds out.
The large abomination barely misses you.
You feel better. The large abomination hits you!!
You die...

##..#...##..#..##########
#§..#...©##.#......#©#...
##..#########......#©#...
#≈.....#©#.....##########
##.....#©#.....#yy..#..yy
#≈..#########..#y..#.#..y
##..#.......#..#..#.©.#..
#§..#.##..#.#..#.#..#..#.
##..#.##@...#..##..#.#..#
#≈..#.XX###.#..#..#...#..
##..#...###.#..#.#..#..#.
#≈..#...###.#..##..#.#..#
##..#.=.©?).#..#."#.©.#(?
#≈..#########..##########
##...........∩...........
#≈.......................
###≈#≈#≈#≈########≈#≈#≈#§


You could see 2 large abominations.

Vanquished Creatures
  Gastronok (Lair:3)
  Snorg (Lair:3)
  A fire dragon (Volcano)
  2 hydras
  Fannar (Lair:3)
  A two-headed ogre (D:9)
  A tengu warrior (Gauntlet)
  A hell hog (Volcano)
  Urug (D:10)
  A large abomination (Gauntlet)
  A manticore (Lair:2)
  A black mamba (Lair:2)
  2 molten gargoyles (Volcano)
  9 cane toads
  A gargoyle (D:11)
  7 komodo dragons
  An unseen horror (D:8)
  2 tengu conjurers (Gauntlet)
  3 rime drakes
  A queen bee (Lair:2)
  A troll (D:11)
  A polar bear (Lair:1)
  24 blink frogs
  2 flying skulls (Gauntlet)
  17 yaks
  4 wyverns
  A wraith (D:11)
  4 basilisks
  8 fire bats
  Menkaure (D:6)
  3 steam dragons
  6 small abominations (Gauntlet)
  A naga (Lair:2)
  Edmund (D:6)
  6 water moccasins
  A hell hound (Volcano)
  4 black bears
  2 orc warriors
  2 ice beasts (D:5)
  2 sky beasts
  2 ogres (D:5)
  17 wolves
  6 centaurs
  2 phantoms
  2 kobold brigands
  12 bullfrogs
  A gnoll sergeant (D:6)
  8 wights
  30 killer bees
  A howler monkey (D:6)
  An electric eel (Lair:1)
  7 lava snakes (Volcano)
  7 hounds
  A jelly (D:7)
  5 orc priests
  Crazy Yiuf (D:7)
  2 sleepcaps (D:5)
  4 iguanas
  6 orc wizards
  9 gnolls
  5 adders
  A river rat (Lair:2)
  2 shadow imps (D:5)
  3 dart slugs
  27 orcs
  5 endoplasms
  4 giant cockroaches
  5 hobgoblins
  4 jackals (D:1)
  A quokka (D:3)
  6 ball pythons
  5 bats
  A frilled lizard (D:2)
  8 goblins
  18 kobolds
349 creatures vanquished.

Vanquished Creatures (collateral kills)
  4 flying skulls (Gauntlet)
4 creatures vanquished.

Grand Total: 353 creatures vanquished

Notes
Turn   | Place    | Note
-------+----------+-------------------------------------------
     0 | D:1      | PidgeyThePirate the Tengu Air Elementalist began the quest
                  | for the Orb.
     0 | D:1      | Reached XP level 1. HP: 10/10 MP: 4/4
   277 | D:1      | Reached XP level 2. HP: 12/15 MP: 6/6
   941 | D:2      | Reached XP level 3. HP: 19/19 MP: 3/7
   948 | D:2      | Learned a level 2 spell: Static Discharge
   952 | D:2      | Learned a level 3 spell: Swiftness
  1042 | D:2      | Found a faded altar of an unknown god.
  1876 | D:3      | Reached XP level 4. HP: 24/24 MP: 7/9
  1989 | D:3      | Reached skill level 1 in Staves
  1989 | D:3      | Reached XP level 5. HP: 26/28 MP: 3/10
  2064 | D:3      | Reached skill level 5 in Air Magic
  2229 | D:3      | Noticed a black bear
  2266 | D:3      | Identified the +1 leather armour "Fyuris" {rC++ Int+3
                  | Slay-3}
  2712 | D:4      | Found Fica's Tiny Tomes.
  2760 | D:4      | Reached XP level 6. HP: 31/33 MP: 6/11
  2889 | D:4      | Reached skill level 1 in Fighting
  3016 | D:4      | Learned a level 4 spell: Airstrike
  3071 | D:4      | Identified the +1 mace of Checkmate {vamp, +Blink rF+
                  | Stlth+}
  3404 | D:4      | Reached skill level 1 in Armour
  3699 | D:5      | Entered Level 5 of the Dungeon
  3717 | D:5      | Noticed an ice beast
  3724 | D:5      | Killed an ice beast
  3725 | D:5      | Reached skill level 6 in Air Magic
  3725 | D:5      | Gained mutation: Your magical flight helps you evade
                  | attacks. (EV +4) [Tengu growth]
  3725 | D:5      | Reached XP level 7. HP: 32/38 MP: 6/13
  4060 | D:5      | Reached XP level 8. HP: 43/43 MP: 15/15
  4182 | D:5      | Reached skill level 5 in Conjurations
  4412 | D:5      | Reached skill level 7 in Air Magic
  4540 | D:6      | Found a staircase to the Ecumenical Temple.
  4558 | Temple   | Entered the Ecumenical Temple
  4586 | Temple   | Became a worshipper of Ashenzari the Shackled
  4809 | D:6      | Reached skill level 5 in Spellcasting
  4835 | D:6      | Reached XP level 9. HP: 35/48 MP: 10/17
  4891 | D:6      | Noticed Menkaure
  4897 | D:6      | Killed Menkaure
  4898 | D:6      | Reached skill level 8 in Air Magic
  5047 | D:6      | Noticed Edmund
  5057 | D:6      | Killed Edmund
  5548 | D:7      | Found a runed translucent door.
  5549 | D:7      | Noticed Crazy Yiuf
  5635 | D:7      | Reached skill level 9 in Air Magic
  6040 | D:7      | Killed Crazy Yiuf
  6167 | D:8      | Found an ancient bone altar of Kikubaaqudgha.
  6570 | D:8      | Reached * piety under Ashenzari
  6734 | D:8      | Killed an unseen horror
  6735 | D:8      | Reached skill level 10 in Air Magic
  6735 | D:8      | Reached XP level 10. HP: 15/53 MP: 10/21
  7065 | D:9      | Reached skill level 5 in Dodging
  7103 | D:9      | Found a staircase to the Lair.
  7242 | D:9      | Noticed a two-headed ogre
  7248 | D:9      | Killed a two-headed ogre
  7249 | D:9      | Reached skill level 11 in Air Magic
  7316 | D:9      | Found Paum's Armour Shoppe.
  7595 | D:10     | Entered Level 10 of the Dungeon
  7788 | D:10     | Identified the +6 sling "Qakampek" {heavy, Str+2 Stlth+}
  7791 | D:10     | Noticed Urug
  7795 | D:10     | Killed Urug
  8118 | D:10     | Reached skill level 12 in Air Magic
  8486 | D:10     | Reached XP level 11. HP: 33/58 MP: 16/24
  8964 | D:11     | Found a staircase to the Orcish Mines.
  9368 | D:12     | Noticed a skeletal warrior
  9375 | D:11     | Reached ** piety under Ashenzari
  9495 | D:12     | Noticed a brown ugly thing
  9566 | D:12     | Noticed a boulder beetle
  9745 | Lair:1   | Entered Level 1 of the Lair of Beasts
 10045 | Lair:1   | Reached skill level 13 in Air Magic
 10156 | Lair:1   | Found a transporter.
 10171 | Lair:1   | Found a one-way gate to the infinite horrors of the Abyss.
 10171 | Lair:1   | Noticed Boogie's ghost (novice MiFi)
 10176 | Lair:1   | Found a transporter.
 10176 | Lair:1   | Noticed a cyan ugly thing
 10177 | Lair:1   | Noticed a green ugly thing
 10189 | Lair:1   | Noticed a hell hog
 10295 | Lair:1   | Reached *** piety under Ashenzari
 11057 | Lair:2   | Reached skill level 10 in Spellcasting
 11562 | Lair:1   | Reached skill level 14 in Air Magic
 11562 | Lair:1   | Reached XP level 12. HP: 64/64 MP: 23/27
 12415 | Lair:2   | Reached skill level 10 in Conjurations
 12485 | Lair:2   | Learned a level 3 spell: Mephitic Cloud
 12607 | Lair:2   | Noticed a six-headed hydra
 12611 | Lair:2   | Killed a six-headed hydra
 12618 | Lair:2   | Reached skill level 5 in Armour
 12852 | Lair:2   | Found a staircase to the Swamp.
 13073 | Lair:2   | Found a staircase to the Snake Pit.
 13129 | Lair:2   | Reached skill level 15 in Air Magic
 13140 | Lair:2   | Reached skill level 1 in Evocations
 13498 | Lair:3   | Noticed Fannar
 13507 | Lair:3   | Killed Fannar
 13541 | Lair:3   | Noticed a five-headed hydra
 13560 | Lair:3   | Killed a five-headed hydra
 13579 | Lair:3   | Found a dark tunnel.
 13586 | Volcano  | Entered a volcano
 13900 | Volcano  | Found a radiant altar of Vehumet.
 13900 | Volcano  | Noticed a hell hog
 13910 | Volcano  | Reached skill level 5 in Staves
 13910 | Volcano  | Reached XP level 13. HP: 57/68 MP: 22/29
 13915 | Volcano  | Reached skill level 16 in Air Magic
 14134 | Volcano  | Noticed a fire dragon
 14178 | Volcano  | Killed a fire dragon
 14718 | Lair:3   | Noticed Gastronok
 14718 | Lair:3   | Identified the +0 robe of Oblivion {rF++ Str+2 Int+3 Dex+2}
 14726 | Lair:3   | Killed Gastronok
 15014 | Lair:3   | Noticed Snorg
 15066 | Lair:3   | HP: 3/72 [Snorg (13)]
 15069 | Lair:3   | Killed Snorg
 16443 | Lair:4   | Noticed Kirke
 16486 | Lair:4   | Found a gate leading to a gauntlet.
 16495 | Gauntlet | Entered a Gauntlet
 16495 | Gauntlet | Found a transporter.
 16495 | Gauntlet | Found a transporter.
 16495 | Gauntlet | Found a transporter.
 16570 | Gauntlet | Found a transporter.
 16570 | Gauntlet | Found a transporter.
 16578 | Gauntlet | Found a transporter.
 16581 | Gauntlet | Found a transporter.
 16589 | Gauntlet | Found a transporter.
 16604 | Gauntlet | Reached **** piety under Ashenzari
 16608 | Gauntlet | Identified the amulet "Rairphol" {Spirit rC+ Will- MP+9}
 16611 | Gauntlet | Found a transporter.
 16630 | Gauntlet | Found a transporter.
 16644 | Gauntlet | Found a transporter.
 16690 | Gauntlet | Found a transporter.
 16786 | Gauntlet | Learned a level 2 spell: Blink
 17033 | Gauntlet | Identified the cursed +1 cloak "Celestial Yoke" {rPois,
                  | Dev, Bglg} (You took it off Crazy Yiuf on level 7 of the
                  | Dungeon)
 17033 | Gauntlet | Identified the cursed +2 hat "Omen of Ashenzari" {Dev,
                  | Bglg} (You found it on level 3 of the Dungeon)
 17033 | Gauntlet | Identified the cursed +2 pair of gloves "Secrets of
                  | Ashenzari" {hurl, Self, Melee} (You found it in a volcano)
 17253 | Gauntlet | HP: 2/72 [large abomination (32)]
 17255 | Gauntlet | Demolished by a large abomination

Illustrated notes

Levels and vault maps discovered:
D:1:      minmay_arrival_open_corners, layout_basic
D:2:      layout_basic, hellmonk_ecumenical_altar_lost_god
D:3:      layout_loops_ring, lightli_corner_chamber
D:4:      layout_loops_ring, skrybe_limestone_x,
          nicolae_shop_i_like_small_books_too, grunt_decor_clamped,
          chequers_serial_rivers_marsh
D:5:      layout_loops_ring, serial_bayou_pond_c, kennysheep_generic_room_13
D:6:      layout_cave_pools, minmay_temple_entry_trees, uniq_menkaure,
          uniq_edmund
D:7:      layout_basic, uniq_crazy_yiuf_cottage
D:8:      layout_basic, mainiacjoe_overflow_small_starburst,
          minmay_misc_feat_pillars, amcnicky_mini_pool_small,
          roderic_serpentine_path
D:9:      layout_rooms, david_lair_shrubbed, serial_shops, nicolae_diamond_shop
D:10:     layout_stronghold, uniq_urug
D:11:     layout_basic, orc_0_dummy, hangedman_decor_growths
D:12:     layout_roguey [special_room_bee], nicolae_gozag_zags_fifth_avenue
Temple:   regret_index_temple_sigil_plot
Lair:1:   layout_roguey, gammafunk_ghost_abyssal_escape, serial_bayou_shore_a
Lair:2:   regret_index_tunnel_blossom, layout_gridlike,
          minmay_swamp_entry_reptiles, guppyfry_snake_entry_garden,
          beast_lair_carwin_4
Lair:3:   layout_layer_cave, lightli_volcano_entry_magma_tube,
          grunt_megastairs_3, uniq_fannar, uniq_snorg, uniq_gastronok
Lair:4:   layout_misc_corridors, gauntlet_entry_generic, uniq_kirke
Gauntlet: minmay_gauntlet_mixed_big_or_small [gammafunk_gauntlet_arena_teeth,
          minmay_gauntlet_arena_77_double_cross,
          gammafunk_gauntlet_arena_spirals, minmay_gauntlet_arena_77_two_lines,
          gammafunk_gauntlet_arena_arrow_garden,
          minmay_gauntlet_arena_77_block_sizes, gauntlet_exit_green]

Skill      XL: |  1  2  3  4  5  6  7  8  9 10 11 12 13 |
---------------+----------------------------------------+-----
Conjurations   | 2 3 4 6 7 8 9 10 | 10.5
Staves         | 1 2 3 5 6 |  6.8
Spellcasting   | 3 4 5 7 8 10 11 12 | 12.6
Air Magic      | 5 6 7 10 12 14 15 16 | 16.3
Dodging        | 3 4 5 6 |  6.8
Fighting       | 1 2 3 |  3.2
Armour         | 1 2 3 4 5 |  5.2
Stealth        | 3 4 |  4.3
Evocations     | 2 4 |  4.4
Shields        | |  0.4
Unarmed Combat | |  0.4

Action                     |  1- 3 |  4- 6 |  7- 9 | 10-12 | 13-15 || total
---------------------------+-------+-------+-------+-------+-------++-------
  Melee: Unarmed           |    27 |       |       |       |       ||    27
         Kick              |     6 |     9 |    12 |    17 |     5 ||    49
         Peck              |     5 |     3 |     3 |    10 |     3 ||    24
         Staff             |    11 |    31 |    47 |    52 |    39 ||   180
         Punch             |       |       |     1 |       |       ||     1
   Cast: Shock             |    47 |    55 |       |     1 |       ||   103
         Static Discharge  |       |     9 |    92 |   172 |    51 ||   324
         Airstrike         |       |       |    33 |   146 |    96 ||   275
         Swiftness         |       |       |       |     2 |     1 ||     3
         Mephitic Cloud    |       |       |       |     3 |       ||     3
 Invoke: Curse Item        |       |       |     2 |     2 |     2 ||     6
    Use: Potion            |       |     4 |       |     2 |     6 ||    12
         Scroll            |       |       |       |     4 |     6 ||    10
   Stab: Sleeping          |       |     1 |       |       |       ||     1
         Distracted        |       |       |       |     1 |       ||     1
 Armour: Robe              |    33 |     3 |       |       |       ||    36
         Leather armour    |       |    34 |   176 |   424 |   156 ||   790
         Skin              |       |     6 |       |       |    92 ||    98
  Dodge: Dodged            |    52 |    40 |   123 |   352 |   283 ||   850
  Block: Buckler           |       |       |       |       |    20 ||    20

Table legend: (Time is in decaauts)
 A = Elapsed time spent in this place.
 B = Non-inter-level travel time spent in this place.
 C = Inter-level travel time spent in this place.
 D = Time resting spent in this place.
 E = Time spent auto-exploring this place.
 F = Levels seen in this place.
 G = Mean time per level.
                   A        B        C        D        E       F      G
               +--------+--------+--------+--------+--------+-----+--------+
         Total |  17283 |  16096 |   1187 |      0 |  12419 |  19 |  909.6 |
       Dungeon |   9727 |   8841 |    886 |      0 |   7415 |  12 |  810.6 |
        Temple |     44 |      2 |     42 |      0 |      0 |   1 |   44.0 |
          Lair |   5845 |   5586 |    259 |      0 |   4252 |   4 | 1461.2 |
       Volcano |    908 |    908 |      0 |      0 |    330 |   1 |  908.0 |
      Gauntlet |    756 |    756 |      0 |      0 |    422 |   1 |  756.0 |
               +--------+--------+--------+--------+--------+-----+--------+

Top non-repeatable levels by time:
  Lair:1: 2174 daAuts
  Lair:3: 2057 daAuts
  Lair:2: 1494 daAuts
    D:10: 1126 daAuts
     D:4: 1078 daAuts
    D:11: 985 daAuts
     D:8: 967 daAuts
     D:5: 952 daAuts
     D:3: 951 daAuts
     D:2: 915 daAuts
 Volcano: 908 daAuts
     D:1: 776 daAuts
Gauntlet: 756 daAuts
     D:7: 716 daAuts
     D:6: 661 daAuts
